AoeStats
← HR nomadplayer

Nomad

506015959Analyzed
4v4 RM · 20d ago on Sep 12, 2026· 24m 25s· 8 players
Game mode
Random Map
Map size
231×231
Population
200
Speed
Normal
Resources
Standard
Victory
Conquest
Starting age
Dark Age
Ending age
Imperial Age
RankedLock teamsTeams togetherTeam positionsShared explorationLock speedFull tech treeHidden civsTurbo modeCheats
Victory
Defeat
🇺🇸 Inca · United States
1886
+9
🇭🇰 Dravidians · Hong Kong SAR China
1788
+12
🇲🇽 Chinese · Mexico
1741
+14
🇺🇸 Koreans · United States
1709
+16
🇨🇱 Mongols · Chile
1833
-17
🇨🇱 Spanish · Chile
1767
-15
🇨🇱 Persians · Chile
1691
-12
🇨🇱 Khmer · Chile
1539
-7
|Thepejezombie
3:07 Loom
12:29 Feudal Age
13:10 Town Watch
16:08 Castle Age
22:12 Double-Bit Axe
23:58 Fletching
24:54 Bodkin Arrow
Eli
10:50 Feudal Age
11:22 Town Watch
11:24 Double-Bit Axe
14:16 Fishing Lines
20:29 Castle Age
19:31 Gold Mining
20:53 Fletching
21:11 Gillnets
20:43 Crossbowman
21:36 Bodkin Arrow
22:41 Ballistics
24:13 Padded Archer Armor
tsoul
13:56 Feudal Age
17:38 Castle Age
15:29 Double-Bit Axe
16:50 Town Watch
18:21 Fishing Lines
22:38 Fletching
Hui
4:39 Loom
14:00 Feudal Age
17:44 Castle Age
15:44 Town Watch
16:02 Double-Bit Axe
18:06 Gold Mining
17:57 Horse Collar
18:43 Medium Warships
20:00 Bow Saw
20:41 Fletching
22:18 Fishing Lines
23:55 Heavy Plow
24:31 Wheelbarrow
27:30 Imperial Age
HR nomadplayer
3:39 Loom
13:06 Feudal Age
17:15 Castle Age
15:32 Fletching
15:55 Double-Bit Axe
18:12 Bodkin Arrow
18:33 Bow Saw
happix
5:00 Loom
10:11 Loom
12:52 Feudal Age
19:47 Castle Age
HR pikoLein
12:36 Feudal Age
11:49 Loom
16:15 Castle Age
17:06 Fletching
HR Melodias
9:52 Loom
12:02 Feudal Age
15:39 Castle Age
14:37 Double-Bit Axe
14:49 Horse Collar
16:45 Bow Saw
16:33 Fishing Lines
18:09 Wheelbarrow
Connection lost

Rejoining the realm…

Still unreachable

The connection could not be restored.

Session expired

The server has moved on; the page needs a fresh start.